 Dungeon Crawl Stone Soup version 0.26.1-11-gd32895ea62 (webtiles) character file.

Game seed: 3782275641716528048

65 Zeld the Cudgeller (level 3, 0/30 HPs)
             Began as a Draconian Gladiator on June 12, 2021.
             Killed from afar by Ijyb (6 damage)
             ... with a bolt of acid
             ... on level 2 of the Dungeon.
             The game lasted 00:02:32 (1309 turns).

Zeld the Cudgeller (Draconian Gladiator)            Turns: 1309, Time: 00:02:33

Health: 0/30       AC:  1    Str: 17    XL:     3   Next: 92%
Magic:  3/3        EV: 13    Int:  8    God:
Gold:   118        SH:  0    Dex: 12    Spells: 2/2 levels left

rFire    . . .     SeeInvis .   a - +0 flail
rCold    . . .     Faith    .   (no shield)
rNeg     . . .     Spirit   .   (armour unavailable)
rPois    .         Reflect  .   b - +0 hat
rElec    .         Harm     .   (no cloak)
rCorr    .         Rampage  .   (no gloves)
Will     .....                  (no boots)
Stlth    +.........             (no amulet)
HPRegen  0.10/turn              (no ring)
MPRegen  0.08/turn              (no ring)

@: corroded
A: unfitting armour, cold-blooded, AC +5
a: no special abilities


You were on level 2 of the Dungeon.
You visited 1 branch of the dungeon, and saw 2 of its levels.

You collected 118 gold pieces.

Inventory:

Hand Weapons
 a - a +0 flail (weapon)
Missiles
 c - 3 throwing nets
 h - 38 stones (quivered)
 i - 13 poisoned darts
Armour
 b - a +0 hat (worn)
Scrolls
 d - 3 scrolls of identify {unknown}
 g - a scroll of magic mapping {unknown}
 n - a scroll of teleportation {unknown}
Potions
 e - a potion of mutation {unknown}
 f - a potion of ambrosia {unknown}
 j - 3 potions of attraction {unknown}
 k - a potion of might {unknown}
 l - a potion of curing {unknown}
 m - a potion of heal wounds {unknown}


   Skills:
 + Level 2.7 Fighting
 * Level 3.7 Maces & Flails
 * Level 2.6 Throwing
 + Level 3.0 Dodging


You had 2 spell levels left.
You didn't know any spells.
Your spell library was empty.

Dungeon Overview and Level Annotations

Branches:
Dungeon (2/15)

Altars:
Fedhas
Ru
Xom

Annotations:
D:2 Ijyb


Innate Abilities, Weirdness & Mutations

Your plain brown scales are hard. (AC +5)
You cannot fit into any form of body armour.
You are cold-blooded and may be slowed by cold attacks.


Message History

The goblin hits you but does no damage.
You hit the goblin.
The goblin is severely wounded.
The goblin closely misses you.
You hit the goblin.
You kill the goblin!
The goblin barely misses you.
You barely miss the goblin. The goblin barely misses you.
You hit the goblin.
You kill the goblin!
Ijyb closely misses you.
You barely miss Ijyb. Ijyb closely misses you.
You closely miss Ijyb. You tail-slap Ijyb, but do no damage.
Ijyb zaps a wand.
The bolt of acid hits you! The acid corrodes you!
You are splashed with acid!
Ouch! That really hurt!
* * * LOW HITPOINT WARNING * * *
You are too injured to fight recklessly!
You are too injured to fight recklessly!
You barely miss Ijyb.
Ijyb zaps a wand.
The bolt of acid hits you.
You die...

##.......##.# #...#........##
##......#...# #.............#
##.......#########...##.######.#
###.....................#≈≈≈≈#.#
####.##..##########.##..'≈>_≈#.##
.........##### #.##..'≈⌠.≈#..#
.............## #.##..#≈≈≈≈#..#
........###..g#####.....######..#
####.#.....?.ggg@...............#
####.##.......####........>......
.....##8.....8# ##....††########
#######....g..# #.....(†(....# #
#8...g.8# ####.).#####.#
#######.......# ###.# #.#
.....##8.....8# #.# #.#
####.##.......# #.# #.# #
#.##8.....8# #.# #.#


You could see Ijyb and 3 goblins.

Vanquished Creatures
  Natasha (D:2)
  2 dart slugs (D:2)
  A leopard gecko (D:2)
  2 giant cockroaches (D:1)
  8 goblins
  A hobgoblin (D:2)
  3 jackals (D:2)
  4 bats (D:2)
  2 frilled lizards (D:2)
  6 kobolds
  3 rats
33 creatures vanquished.

Notes
Turn   | Place    | Note
-------+----------+-------------------------------------------
     0 | D:1      | Zeld the Draconian Gladiator began the quest for the Orb.
     0 | D:1      | Reached XP level 1. HP: 17/17 MP: 1/1
   456 | D:1      | Reached XP level 2. HP: 25/25 MP: 2/2
   801 | D:2      | Noticed Natasha
   808 | D:2      | Killed Natasha
   809 | D:2      | Reached XP level 3. HP: 21/30 MP: 3/3
  1099 | D:2      | Found a shimmering altar of Xom.
  1239 | D:2      | Found a sacrificial altar of Ru.
  1279 | D:2      | Found a blossoming altar of Fedhas.
  1292 | D:2      | Noticed Ijyb
  1309 | D:2      | Killed from afar by Ijyb

Illustrated notes

Levels and vault maps discovered:
D:1:      kennysheep_arrival_seaside, layout_basic
D:2:      kennysheep_the_goblin_king, layout_loops_ring, old_standard_altar,
          nicolae_ru_path_of_blood, general_overflow_altar, st_stairs_12,
          uniq_natasha

Skill      XL: |  1  2  3 |
---------------+----------+-----
Throwing       | 2 |  2.6
Dodging        | 3 |  3.0
Fighting       | |  2.7
Maces & Flails | |  3.7

Action                   || total
-------------------------++-------
Melee: Flail             ||    76
       Tailslap          ||     4
Throw: Stone             ||     6
Armor: Skin              ||    40
Dodge: Dodged            ||    79
